 Dungeon Crawl Stone Soup version 0.29.0-7-g18a832c13a (webtiles) character file.

Game seed: 4619213713876263290

1267 spiderkeys the Sneak (level 8, -3/64 HPs)
             Began as a Formicid Hunter on Aug 31, 2022.
             Slain by an iguana (8 damage)
             ... on level 6 of the Dungeon.
             The game lasted 00:08:44 (4559 turns).

spiderkeys the Sneak (Formicid Hunter)              Turns: 4559, Time: 00:08:44

Health: -3/64      AC: 11    Str: 20    XL:     8   Next: 82%
Magic:  0/8        EV: 15    Int:  9    God:
Gold:   216        SH:  0    Dex: 25    Spells: 7/7 levels left

rFire   . . .      SeeInvis +   y - +5 war axe of Terror {pain, Str+4 Dex+6}
rCold   . . .      Faith    .   (no shield)
rNeg    . . .      Spirit   +   E - +1 leather armour {rPois}
rPois   +          Reflect  .   (helmet unavailable)
rElec   .          Harm     .   I - +2 cloak
rCorr   .          Rampage  .   (no gloves)
Will    .....                   (no boots)
Stlth   ++++......              G - amulet of guardian spirit
HPRegen 0.20/turn               L - ring of flight
MPRegen 0.11/turn               O - +4 ring of protection

@: flying
A: permanent stasis, dig shafts and tunnels, antennae 3, four strong arms
a: Dig, Shaft Self


You were on level 6 of the Dungeon.
You visited 1 branch of the dungeon, and saw 6 of its levels.
You also visited: Ossuary.

You collected 377 gold pieces.
You spent 161 gold pieces at shops.


Innate Abilities, Weirdness & Mutations

You cannot be hasted, slowed, berserked, paralysed or teleported.
You can dig through walls and to a lower floor.
You have a pair of large antennae on your head. (SInv)
Your four strong arms can wield two-handed weapons with a shield.


   Skills:
 + Level 5.8 Fighting
 + Level 6.4 Ranged Weapons
 + Level 4.8 Dodging
 + Level 6.6 Stealth


You had 7 spell levels left.
You didn't know any spells.
Your spell library contained the following spells:

 Spells                   Type           Power      Damage    Failure   Level
 Shock                    Conj/Air       0%         1d3       43%         1
 Ensorcelled Hibernation  Hex/Ice        0%         N/A       58%         2
 Ignite Poison            Fire/Tmut/Pois 0%         N/A       82%         3
 Mephitic Cloud           Conj/Pois/Air  0%         N/A       82%         3
 Spider Form              Tmut/Pois      0%         N/A       82%         3
 Airstrike                Air            0%         2d(0-16)  99%         4
 Anguish                  Hex/Necr       0%         N/A       99%         4
 Summon Lightning Spire   Summ/Air       0%         N/A       99%         4
 Freezing Cloud           Conj/Ice/Air   0%         6-21      100%        5
 Lightning Bolt           Conj/Air       0%         1d11      100%        5
 Swiftness                Air            Unusable   N/A       N/A         3

Inventory:

Hand Weapons
 a - a +1 vorpal shortbow
 y - the +5 war axe of Terror (weapon) {pain, Str+4 Dex+6}
   (You found it on level 3 of the Dungeon)

   In the hands of one skilled in necromantic magic, it inflicts extra damage on
   living creatures.
   Str:       It affects your strength (+4).
   Dex:       It affects your dexterity (+6).
Missiles
 d - 40 stones
 m - 2 poisoned darts
 p - 6 datura-tipped darts
 R - 6 atropa-tipped darts
Armour
 i - a +0 ring mail
   (You found it on level 6 of the Dungeon)
 r - a +0 leather armour
   (You took it off an orc on level 4 of the Dungeon)
 s - a +0 chain mail
   (You found it on level 4 of the Dungeon)
 u - a +0 pair of gloves
   (You found it on level 5 of the Dungeon)
 z - a +0 scale mail
   (You found it on level 5 of the Dungeon)
 A - a +0 leather armour
   (You took it off an orc on level 5 of the Dungeon)
 C - the +1 robe of the Present {rElec}
   (You bought it in a shop on level 3 of the Dungeon)

   rElec:     It insulates you from electricity.
 E - a +1 leather armour of poison resistance (worn)
   (You took it off an orc on level 3 of the Dungeon)
 I - a +2 cloak (worn)
   (You took it off Crazy Yiuf on level 3 of the Dungeon)
 J - a +0 leather armour
   (You took it off an orc on level 6 of the Dungeon)
 M - a +0 robe
   (You took it off an orc wizard on level 6 of the Dungeon)
Magical Staves
 x - a staff of earth {!a}
   (You found it on level 5 of the Dungeon)
 P - a staff of poison {!a}
   (You found it on level 6 of the Dungeon)
Jewellery
 v - an amulet of magic regeneration
   (You took it off a hobgoblin on level 2 of the Dungeon)
 G - an amulet of guardian spirit (around neck)
   (You found it on level 4 of the Dungeon)
 L - a ring of flight (left hand)
   (You found it on level 1 of the Dungeon)
 N - a ring of positive energy
   (You found it on level 4 of the Dungeon)
 O - a +4 ring of protection (right hand)
   (You found it on level 4 of the Dungeon)
Scrolls
 b - a scroll of immolation {!r!r}
 e - 2 scrolls of blinking {!r}
 f - 2 scrolls of poison
 g - a scroll of fear
 j - 2 scrolls of torment {!r}
 l - a scroll of butterflies
 q - 10 scrolls of teleportation {@r4}
 F - a scroll of vulnerability {!r!r}
 K - 2 scrolls of enchant armour
 S - a scroll of identify {@r1}
Potions
 c - a potion of mutation {unknown}
 h - a potion of cancellation {unknown}
 k - a potion of might
 n - a potion of brilliance {unknown}
 o - a potion of attraction {unknown}
 t - 2 potions of flight
 w - 2 potions of haste {@q3}
 B - 5 potions of curing {@q1}
 D - a potion of degeneration {unknown}
 H - 2 potions of lignification {!q}
 Q - a potion of heal wounds {unknown}

Dungeon Overview and Level Annotations

Branches:
Dungeon (6/15) Zot: 26673  Temple (0/1) D:6         Ossuary (visited)

Altars:
Ashenzari
Cheibriados
Gozag
Sif Muna
Xom

Shops:
D:3

**?[? #...##.#.#.#
*,~~,,,~~,*,,,,. .#.#.#.#.#.#
*.≈,~~~,~,******
.#.#.).#.#.#######.≈,,,,,~,**,*
.#.#.#.#.#.##....#g,~~~~~,,*,,* #
#...##...#.##....c#####****,,,* #
#####...##.##...g<....,,,,,,,,###
...........##...gg..#**,,,,,,,#..
..##.......##..Sg)..# *,,,,,,,#.#
.###.......##..Y@g..# *,,,{,,,#..
...#...........Fl...##****,**,#..
....^...................,,,**,#..
.....###......##########*****,#..
.....# #.............,,,,,* #.#..
.....# #......########***,* #.#..
.....# #.............# *,* #.#..
.....# #.............# *,* #.#<.
.....###.#####.......# *,* #.#..


You could see an ice beast, a bullfrog, a centaur, a gnoll bouda, an iguana, 5
gnolls and an adder.


Message History

You barely miss the black bear. You hit the orc wizard. You hit the orc.
The black bear bites you.
The black bear claws you but does no damage.
The black bear claws you. The orc wizard casts a spell at you.
You are confused.
A gnoll comes into view. It is wielding a +1 vorpal spear.
The black bear bites you.
The black bear claws you but does no damage.
The black bear closely misses you. 😕 HP[-8] MP[-2]
You take 8 damage, and now have 48/63 hp.
You lost 2 mp, and now have 4/8 mp.
You miss the orc.
You hit the orc wizard. x2; You hit the black bear.
The black bear completely misses you. The black bear claws you.
The black bear completely misses you. The orc wizard closely misses you.
The orc misses you.
The orc wizard hits you but does no damage.
The black bear closely misses you.
The black bear claws you but does no damage.
The black bear misses you.
The bullfrog hits you but does no damage.
A gnoll comes into view. It is wielding a +0 spear.
The orc barely misses you. The orc wizard casts a spell at you.
The magic dart hits you.
The orc wizard hits you but does no damage. 😮 HP[-6]
You take 6 damage, and now have 42/63 hp.
You feel better. The black bear closely misses you. The black bear claws you.
The black bear barely misses you. The bullfrog closely misses you.
The orc wizard closely misses you. The orc closely misses you.
The orc wizard hits you with a +0 dagger.
The black bear barely misses you. The black bear claws you.
The black bear closely misses you.
The bullfrog hits you but does no damage. 😮 HP[+1] MP[+1]
You slash the black bear!
You kill the black bear!
You hit the orc wizard. You closely miss the orc. You hit the bullfrog.
You hit the orc wizard.
The sentinel's mark upon you fades away.
The bullfrog closely misses you.
The orc wizard hits you but does no damage.
The gnoll barely misses you.
A gnoll comes into view. It is wielding a +0 flail.
The orc completely misses you.
The orc wizard hits you with a +0 dagger.
The bullfrog barely misses you.
You now have 64 max hp (+1).
You hit the orc wizard.
You kill the orc wizard!
You slash the orc wizard!
You kill the orc wizard!
You slash the orc!
You kill the orc!
You barely miss the bullfrog. You closely miss the gnoll.
The bullfrog misses you.
An adder comes into view.
The gnoll hits you from afar with a +1 vorpal spear.
An iguana comes into view.
The bullfrog hits you.
A gnoll comes into view. It is wielding a +0 whip.
The gnoll barely misses you. The ice beast hits you.
* * * LOW HITPOINT WARNING * * *
The ice beast freezes you!
* * * LOW HITPOINT WARNING * * *
The gnoll misses you. The gnoll hits you with a +0 flail.
* * * LOW HITPOINT WARNING * * *
😨 HP[-24] MP[-4]
You take 24 damage, and now have 19/64 hp.
MASSIVE DAMAGE!! (PAUSE)
You lost 4 mp, and now have 1/8 mp.
You hit the ice beast. You slash the gnoll! You hit the bullfrog.
The bullfrog hits you but does no damage.
The gnoll misses you. The gnoll hits you with a +0 flail.
* * * LOW HITPOINT WARNING * * *
The gnoll hits you but does no damage.
The ice beast hits you but does no damage.
The bullfrog hits you but does no damage.
A centaur comes into view. 😨 HP[-1]
You take 1 damage, and now have 18/64 hp.
Are you sure you want to shaft yourself?
The bullfrog hits you.
* * * LOW HITPOINT WARNING * * *
The gnoll hits you but does no damage. The gnoll hits you with a +0 flail.
* * * LOW HITPOINT WARNING * * *
The gnoll barely misses you.
The ice beast hits you but does no damage.
The bullfrog hits you.
* * * LOW HITPOINT WARNING * * *
You begin to dig a shaft.
You continue digging a shaft.
The gnoll hits you from afar with a +0 spear.
* * * LOW HITPOINT WARNING * * *
The gnoll hits you with a +0 flail.
* * * LOW HITPOINT WARNING * * *
The ice beast barely misses you. The gnoll closely misses you.
The iguana bites you!
You die...

Skill      XL: |  1  2  3  4  5  6  7  8 |
---------------+-------------------------+-----
Dodging        | 2 3 4 |  4.8
Stealth        | 2 3 4 5 6 |  6.6
Fighting       | 3 4 5 |  5.8
Ranged Weapons | 5 6 |  6.4

Action                   |  1- 3 |  4- 6 |  7- 9 || total
-------------------------+-------+-------+-------++-------
Melee: War axe           |       |    93 |   130 ||   223
       Punch             |       |       |     1 ||     1
 Fire: Shortbow          |    59 |    30 |       ||    89
 Abil: Dig               |     3 |       |     1 ||     4
       Shaft Self        |       |       |     1 ||     1
  Use: Scroll            |       |    11 |     7 ||    18
       Potion            |       |       |     3 ||     3
 Stab: Sleeping          |       |     8 |     8 ||    16
Armor: Leather armour    |     2 |    25 |    90 ||   117
       Ring mail         |       |     9 |       ||     9
Dodge: Dodged            |    11 |    73 |   125 ||   209

Levels and vault maps discovered:
D:1:      minmay_arrival_open_corners, layout_basic,
          ebering_ecumenical_altar_mist, hangedman_decor_opposing,
          minmay_hexomino_p4
D:2:      layout_basic, uniq_jessica
D:3:      layout_loops_corners, serial_shops, shop, shop_statue, shop_coins,
          nicolae_shop_stone, shop, grunt_decor_resistance,
          uniq_crazy_yiuf_cottage
D:4:      layout_cave_pools, overflow_temple_1_default, grunt_gozag_breadcrumbs,
          slow_altar_1, old_standard_altar, st_stairs_10
D:5:      layout_gridville, xom_redecorated
D:6:      layout_basic, mainiacjoe_overflow_paths, minmay_temple_entry_wispy,
          enter_ossuary_3, amethyst_killhole, minmay_checkerbox, uniq_duvessa

Notes
Turn   | Place    | Note
-------+----------+-------------------------------------------
     0 | D:1      | spiderkeys the Formicid Hunter began the quest for the Orb.
     0 | D:1      | Reached XP level 1. HP: 16/16 MP: 1/1
     0 | D:1      | magus.rc [v1.11.3]
   181 | D:1      | Reached XP level 2. HP: 23/23 MP: 2/2
   211 | D:1      | Reached skill level 2 in Dodging
   429 | D:1      | Found a faded altar of an unknown god.
   684 | D:1      | Reached skill level 2 in Stealth
   813 | D:2      | Reached XP level 3. HP: 28/28 MP: 3/3
   915 | D:2      | Noticed Jessica
   918 | D:2      | Killed Jessica
   919 | D:2      | Reached XP level 4. HP: 34/34 MP: 4/4
  1030 | D:2      | Reached skill level 3 in Fighting
  1175 | D:2      | Reached skill level 3 in Stealth
  1175 | D:2      | Reached XP level 5. HP: 34/41 MP: 5/5
  1374 | D:3      | Identified the +5 war axe of Terror {pain, Str+4 Dex+6}
  1395 | D:3      | Found Buacemel's Magic Scroll Boutique.
  1424 | D:3      | Bought a scroll of identify for 24 gold pieces
  1484 | D:3      | You pick up a book of Storms and begin reading...
  1484 | D:3      | You add the spells Airstrike, Summon Lightning Spire and
                  | Lightning Bolt to your library.
  1652 | D:3      | Found Otytz's Assorted Antiques.
  1660 | D:3      | Bought a warped robe for 96 gold pieces
  1660 | D:3      | Identified the +1 robe of the Present {rElec} (You bought
                  | it in a shop on level 3 of the Dungeon)
  1712 | D:3      | Found Oddox's Antique Armour Emporium.
  2022 | D:3      | You pick up a book of Dreams and begin reading...
  2022 | D:3      | You add the spells Ensorcelled Hibernation, Spider Form and
                  | Anguish to your library.
  2072 | D:3      | HP: 10/41 [orc priest/divine providence (14)]
  2098 | D:3      | Reached skill level 3 in Dodging
  2336 | D:3      | Found Hygramec's Magic Scroll Boutique.
  2479 | D:3      | Found Hudoat's Assorted Antiques.
  2483 | D:3      | Bought a scroll labelled NIRODU JAPIFUI for 22 gold pieces
  2483 | D:3      | Bought a sedimented blue potion for 19 gold pieces
  2496 | D:3      | Found a runed translucent door.
  2497 | D:3      | Noticed Crazy Yiuf
  2505 | D:3      | Killed Crazy Yiuf
  2506 | D:3      | Reached XP level 6. HP: 30/48 MP: 2/6
  2705 | D:4      | Found a broken altar of Ashenzari.
  2726 | D:4      | Reached skill level 5 in Ranged Weapons
  2726 | D:4      | Reached skill level 4 in Stealth
  2761 | D:4      | You add the spells Ignite Poison, Mephitic Cloud and
                  | Freezing Cloud to your library.
  2807 | D:4      | Reached skill level 4 in Fighting
  2813 | D:4      | You pick up a book of Air and begin reading...
  3041 | D:4      | Found a shimmering blue altar of Sif Muna.
  3105 | D:4      | Found a snail-covered altar of Cheibriados.
  3116 | D:4      | Reached XP level 7. HP: 48/54 MP: 5/7
  3172 | D:4      | Found an opulent altar of Gozag.
  3356 | D:5      | Entered Level 5 of the Dungeon
  3499 | D:5      | Found a shimmering altar of Xom.
  3500 | D:5      | Found a shimmering altar of Xom.
  3501 | D:5      | Found a shimmering altar of Xom.
  3559 | D:5      | Found a shimmering altar of Xom.
  3561 | D:5      | Found a shimmering altar of Xom.
  3677 | D:5      | Reached skill level 5 in Stealth
  3891 | D:6      | Noticed Duvessa
  3892 | D:6      | Noticed Dowan
  3902 | D:6      | Killed Duvessa
  3903 | D:6      | Reached skill level 4 in Dodging
  3910 | D:6      | HP: 13/55 [Dowan/+0 dagger of protection (3)]
  3918 | D:6      | Killed Dowan
  3919 | D:6      | Reached XP level 8. HP: 25/61 MP: 1/8
  4033 | D:6      | Found a sand-covered staircase.
  4042 | Ossuary  | Entered an ossuary
  4049 | Ossuary  | Reached skill level 5 in Fighting
  4458 | D:6      | Reached skill level 6 in Ranged Weapons
  4458 | D:6      | Reached skill level 6 in Stealth
  4558 | D:6      | HP: 14/64 [gnoll/+0 flail[a gnoll bouda] (3)]
  4559 | D:6      | HP: 5/64 [gnoll/+0 flail[a gnoll bouda] (5)]
  4559 | D:6      | Slain by an iguana

Vanquished Creatures
  A water moccasin (D:6)
  A black bear (D:6)
  Duvessa (D:6)
  An ogre (D:6)
  A phantom (D:6)
  2 scorpions
  Dowan (D:6)
  3 hounds
  An iron imp (D:4)
  Crazy Yiuf (D:3)
  An orc priest (D:3)
  Jessica (D:2)
  3 iguanas
  3 orc wizards (D:6)
  3 mummies (Ossuary)
  4 gnolls (D:5)
  8 adders
  A white imp (D:5)
  2 ufetubi (D:6)
  3 adder zombies (Ossuary)
  A worm (D:4)
  5 dart slugs
  10 orcs
  5 ball pythons
  10 endoplasms
  3 giant cockroaches
  5 goblins
  10 hobgoblins
  2 jackals (D:4)
  3 quokkas
  7 bats
  3 frilled lizards
  2 goblin zombies (Ossuary)
  A hobgoblin zombie (Ossuary)
  4 kobolds
  7 kobold zombies (Ossuary)
  5 quokka zombies (Ossuary)
  A rat (D:2)
126 creatures vanquished.

Table legend:
 A = Non-vault XP
 B = Vault XP
 C = Vault XP percentage of total XP
 D = Non-vault monster count
 E = Vault monster count
 F = Vault count percentage of total count
                 A         B        C        D         E       F
            +---------+---------+-------+---------+---------+-------
      Total |    1078 |     732 |  40.4 |      91 |      35 |  27.8
            +---------+---------+-------+---------+---------+-------
        D:1 |      22 |       4 |  15.4 |      13 |       2 |  13.3
        D:2 |      79 |      37 |  31.9 |      14 |       1 |   6.7
        D:3 |     116 |      41 |  26.1 |      24 |       1 |   4.0
        D:4 |     193 |      64 |  24.9 |      21 |       4 |  16.0
        D:5 |     292 |       0 |   0.0 |      11 |       0 |   0.0
        D:6 |     376 |     501 |  57.1 |       8 |       6 |  42.9
    Ossuary |       0 |      85 | 100.0 |       0 |      21 | 100.0
            +---------+---------+-------+---------+---------+-------

Illustrated notes

Table legend:
 A = Kills in this place as a percentage of kills in entire the game.
 B = Kills by you in this place as a percentage of kills by you in the entire game.
 C = Kills by friends in this place as a percentage of kills by friends in the entire game.
 D = Other kills in this place as a percentage of other kills in the entire game.
 E = Experience gained in this place as a percentage of experience gained in the entire game.
 F = Experience gained in this place divided by the number of levels of this place that you have seen.
                   A       B       C       D       E      F
               +-------+-------+-------+-------+-------+----------------------
         Total | 100.0 | 100.0 |   N/A |   N/A | 100.0 | 258.6
       Dungeon |  83.3 |  83.3 |   N/A |   N/A |  95.3 | 287.5
       Ossuary |  16.7 |  16.7 |   N/A |   N/A |   4.7 |  85.0
               +-------+-------+-------+-------+-------+----------------------

Table legend: (Time is in decaauts)
 A = Elapsed time spent in this place.
 B = Non-inter-level travel time spent in this place.
 C = Inter-level travel time spent in this place.
 D = Time resting spent in this place.
 E = Time spent auto-exploring this place.
 F = Levels seen in this place.
 G = Mean time per level.
                   A        B        C        D        E       F      G
               +--------+--------+--------+--------+--------+-----+--------+
         Total |   4696 |   4558 |    138 |    248 |   3273 |   7 |  670.9 |
       Dungeon |   4292 |   4154 |    138 |     13 |   3214 |   6 |  715.3 |
       Ossuary |    404 |    404 |      0 |    235 |     59 |   1 |  404.0 |
               +--------+--------+--------+--------+--------+-----+--------+

Top non-repeatable levels by time:
     D:3: 1370 daAuts
     D:1: 826 daAuts
     D:4: 701 daAuts
     D:5: 537 daAuts
     D:2: 530 daAuts
 Ossuary: 404 daAuts
     D:6: 325 daAuts
